 Dungeon Crawl Stone Soup version 0.25-a0-287-g56a5b49892 (webtiles) character file.

Game seed: 1724718933893497473, levelgen mode: deterministic

73807 night the Lord of Darkness (level 15, -12/108 HPs)
             Began as a Demonspawn Venom Mage on Dec 11, 2019.
             Was the Champion of Kikubaaqudgha.
             Mangled by a shadow (31 damage)
             ... on level 11 of the Dungeon on Dec 12, 2019.
             The game lasted 02:51:46 (31880 turns).

night the Lord of Darkness (Demonspawn Venom Mage) Turns: 31880, Time: 02:51:49

Health: -12/108    AC: 13    Str: 14    XL:     15   Next: 5%
Magic:  24/32      EV: 17    Int: 22    God:    Kikubaaqudgha [******]
Gold:   2890       SH:  0    Dex: 19    Spells: 2/41 levels left

rFire    + . .     SeeInvis .   a - +7 sceptre of Torment {pain, torment}
rCold    + . .     Gourm    +   (no shield)
rNeg     . . .     Faith    .   O - +1 robe {rC+ rF+}
rPois    .         Spirit   .   B - +2 helmet of Zin's Approval {-Tele Str+5 Dex+5}
rElec    .         Reflect  .   t - +1 cloak
rCorr    +         Harm     .   x - +0 pair of gloves
MR       +....     NoTele   +   (boots unavailable)
Stlth    ++++......             y - amulet of the gourmand
HPRegen  0.28/turn              Z - +5 ring of evasion
MPRegen  0.23/turn              m - ring of wizardry

@: marked
A: talons 3, yellow scales 3, demonic guardian 2, nightstalker 2
a: Receive Corpses, Torment, Renounce Religion


You were on level 11 of the Dungeon.
You worshipped Kikubaaqudgha.
Kikubaaqudgha was exalted by your worship.
You were full.

You visited 2 branches of the dungeon, and saw 17 of its levels.
You also visited: Bailey, Gauntlet and Ice Cave.

You collected 2975 gold pieces.
You spent 85 gold pieces at shops.

Inventory:

Hand Weapons
 a - the +7 sceptre of Torment (weapon) {pain, torment}
   (You acquired it on level 11 of the Dungeon)

   In the hands of one skilled in necromantic magic, it inflicts extra damage on
   living creatures.
 p - a +1 dagger of venom
 P - a +2 battleaxe of freezing
Missiles
 j - 5 throwing nets
 r - 404 stones (quivered)
Armour
 t - a +1 cloak (worn)
 x - a +0 pair of gloves (worn)
 B - the +2 helmet of Zin's Approval (worn) {-Tele Str+5 Dex+5}
   (You found it in a Gauntlet)

   It affects your strength (+5).
   It affects your dexterity (+5).
   It prevents most forms of teleportation.
 O - a +1 robe of resistance (worn)
 W - a +1 helmet
Magical Staves
 b - an uncursed staff of power
 M - an uncursed staff of death
Jewellery
 m - a ring of wizardry (right hand)
 u - the ring of Shadows {Umbra +Inv Stlth+}
   (You found it on level 6 of the Lair of Beasts)

   [ring of stealth]

   It lets you turn invisible.
   It makes you more stealthy.
 y - an amulet of the gourmand (around neck)
 N - a +2 ring of intelligence
 Q - an uncursed ring of protection from cold
 Z - a +5 ring of evasion (left hand)
Wands
 l - a wand of clouds (10)
 n - a wand of paralysis (7)
 D - a wand of flame (21)
 G - a wand of iceblast (18)
 K - a wand of disintegration (26)
 L - a wand of digging (6)
 S - a wand of acid (16)
 T - a wand of enslavement (22)
Scrolls
 k - 2 scrolls of summoning
 q - a scroll of amnesia
 A - 7 scrolls of teleportation
 C - 2 scrolls of identify
 F - 6 scrolls of fog
 H - 2 scrolls of enchant weapon
 I - a scroll of magic mapping
 J - 4 scrolls of remove curse
 U - 3 scrolls of blinking
 X - a scroll of fear
 Y - a scroll of silence
Potions
 d - 5 potions of cancellation
 e - 2 potions of resistance
 f - a potion of haste
 g - 5 potions of flight
 h - 2 potions of mutation
 i - 4 potions of berserk rage
 s - 6 potions of heal wounds
 v - 4 potions of invisibility
 z - 3 potions of agility
 E - 2 potions of lignification
 R - 3 potions of curing
 V - 6 potions of brilliance
Miscellaneous
 o - a phial of floods
 w - a crystal ball of energy
Comestibles
 c - 31 rations


   Skills:
 + Level 7.1 Fighting
 + Level 5.9 Maces & Flails
 - Level 1.7 Dodging
 - Level 1.7 Stealth
 + Level 13.7 Spellcasting
 - Level 3.8 Summonings
 + Level 15.0 Necromancy
 - Level 0.8 Transmutations
 + Level 3.1 Earth Magic
 - Level 13.5 Poison Magic


You had 2 spell levels left.
You knew the following spells:

 Your Spells              Type           Power        Failure   Level  Hunger
a - Sting                 Tmut/Pois      ####         1%          1    None
b - Poisonous Vapours     Pois/Air       #####.       1%          2    None
c - Mephitic Cloud        Conj/Pois/Air  ####....     1%          3    None
d - Olgreb's Toxic Radia  Pois           ######..     1%          4    None
e - Ignite Poison         Fire/Tmut/Pois #####...     1%          3    None
f - Dispel Undead         Necr           ######..     1%          5    ###....
g - Animate Dead          Necr           N/A          1%          4    None
h - Borgnjor's Vile Clut  Necr/Erth      ######....   1%          5    ###....
j - Sublimation of Blood  Necr           ######....   0%          2    None
k - Regeneration          Chrm/Necr      #####.....   1%          3    None
l - Haunt                 Necr/Summ      ######....   28%         7    ######.

Your spell library contained the following spells:

 Spells                   Type           Power        Failure   Level  Hunger
 Animate Skeleton         Necr           N/A          0%          1    None
 Pain                     Necr           ####         0%          1    None
 Corona                   Hex            ###....      1%          1    None
 Magic Dart               Conj           ###.         1%          1    None
 Sandblast                Erth           ####..       1%          1    None
 Searing Ray              Conj           ###...       2%          2    None
 Slow                     Hex            ###.....     2%          2    None
 Agony                    Necr           ######..     1%          5    ###....
 Recall                   Summ/Tloc      N/A          2%          3    None
 Excruciating Wounds      Chrm/Necr      #####.....   2%          5    ###....
 Dazzling Flash           Conj/Hex       ###...       4%          3    None
 Inner Flame              Hex/Fire       ###.....     4%          3    None
 Portal Projectile        Hex/Tloc       ###...       4%          3    None
 Petrify                  Tmut/Erth      ###.....     8%          4    None
 Summon Ice Beast         Ice/Summ       ###.....     8%          4    None
 Summon Lightning Spire   Summ/Air       ###.....     8%          4    None
 Leda's Liquefaction      Hex/Erth       ###.......   9%          4    None
 Simulacrum               Ice/Necr       #####.....   12%         6    #####..
 Ice Form                 Ice/Tmut       ###.....     14%         4    None
 Cause Fear               Hex            ###.......   16%         4    None
 Fulminant Prism          Conj/Hex       ###.......   16%         4    None
 Iskenderun's Mystic Bla  Conj/Tloc      ###.....     16%         4    None
 Borgnjor's Revivificati  Necr           ######....   22%         8    #######
 Infestation              Necr           ######....   22%         8    #######
 Yara's Violent Unravell  Hex/Tmut       ###.......   34%         5    ###....
 Metabolic Englaciation   Hex/Ice        ###.......   41%         5    ###....
 Silence                  Hex/Air        ###.......   41%         5    ###....
 Deflect Missiles         Chrm/Air       ###.......   91%         6    #####..
 Freezing Cloud           Conj/Ice/Air   ###.......   91%         6    #####..
 Ozocubu's Refrigeration  Ice            ###.......   91%         6    #####..
 Necromutation            Tmut/Necr      ######....   98%         8    #######
 Death's Door             Chrm/Necr      #####.....   99%         8    #######
 Discord                  Hex            ###.......   100%        8    #######


Dungeon Overview and Level Annotations

Branches:
Dungeon (11/15)            Temple (0/1) D:6            Lair (6/6) D:9
  Swamp (0/4) Lair:2       Spider (0/4) Lair:2        Slime (0/5) Lair:6
    Orc (0/2) D:9          Bailey (visited)           IceCv (visited)
Gauntlet (visited)

Altars:
Dithmenos
Elyvilon
Kikubaaqudgha
The Shining One
Jiyva

Shops:
D:9 *

Portals:
Trove: D:10 (give 7 potions of haste)

Annotations:
Lair:1 3 runed translucent doors, floatRand's ghost, journeyman OpFi


Innate Abilities, Weirdness & Mutations

You have claws for feet.
You are completely covered in yellow scales. (AC +4, rCorr)
A demonic guardian rushes to your aid.
You are significantly more attuned to the shadows.


Message History

Okay, then.
Your soul eater closely misses something.
A worker ant comes into view.
Adjust (i)tems, (s)pells, or (a)bilities?
Adjust which spell? j - Haunt Adjust to which letter? l - Haunt Adjust (i)tems, (s)pells, or (a)bilities?
Adjust which spell? i - Sublimation of Blood Adjust to which letter? j - Sublimation of Blood
Casting: Borgnjor's Vile Clutch (safe; 1% risk of failure)
Confirm with . or Enter, or press ? or * to list all spells.
You draw magical energy from your own body!
A centaur comes into view.
The shadow strikes at you from the darkness!
You die...
Kikubaaqudgha rasps: "You have failed me!
Welcome... death!"

......(..#.#...........≈≈#....#≈≈
....###.%..............≈≈.....>≈≈
.......................≈≈#.(..#≈÷
....##...)..c..........≈≈######≈≈
O...#....#.).......#...≈≈≈≈≈≈≈≈≈≈
.H......))..).a##.##....≈≈≈≈≈≈≈≈.
,,,......#.)).)$.....#.,,,,,,,...
,,,..#...#.##3.......#*,,,,*,*...
,,,,,......##...@....#**,*,*,*,,.
,**,*##.##.##.###'##.# ***,*,*,,.
,,,,* *,*#.*#.###.##.#####,*,*,,.
,,,,***,,,>,..............,,,,,,,
,,,,,,,,,,,....#####.#####,*,**,,
,******,**.##.######.#####,*,**,,
,****,,,,,,,,,,..[...............
,,,,,,,,,,,**,*####..#####.#.##..
,******,*****,*####..#####.#.##..


You could see a centaur, a worker ant and a friendly soul eater.

Vanquished Creatures
  Gastronok (Lair:3)
  A frost giant (IceCv)
  5 dire elephants (Lair:6)
  Fannar (D:10)
  7 hydras
  An anaconda (Lair:6)
  A death scarab (Gauntlet)
  3 two-headed ogres
  9 death yaks
  Nergalle (Lair:4)
  Pikel (D:9)
  5 deep elf magi (D:11)
  Joseph (D:7)
  Maurice (D:8)
  3 black mambas
  Psyche (D:9)
  9 elephants
  A torpor snail (Lair:3)
  An ice statue (IceCv)
  9 spiny frogs
  3 komodo dragons
  4 rime drakes
  3 jumping spiders (Lair:2)
  A tyrant leech (Lair:2)
  A troll (D:9)
  16 polar bears (IceCv)
  Grinder (D:6)
  A raiju (Gauntlet)
  4 blink frogs
  2 dream sheep (D:8)
  A spectral dream sheep (Gauntlet)
  7 hippogriffs
  3 flying skulls (Gauntlet)
  A wyvern (D:11)
  5 redbacks (Lair:2)
  A shadow (D:11)
  A wraith (D:8)
  A vampire (D:10)
  61 yaks
  3 basilisks
  Grum (D:9)
  2 swamp worms (Lair:2)
  A soldier ant (D:11)
  30 water moccasins
  5 porcupines
  Duvessa (D:5)
  12 orc warriors
  2 slaves (D:9)
  2 ice beasts
  4 sky beasts
  2 black bears
  A necrophage (D:6)
  31 wolves
  6 ogres
  4 centaurs
  6 crocodiles
  7 big kobolds (D:8)
  15 bullfrogs
  Dowan (D:5)
  A scorpion (D:10)
  3 killer bees (D:10)
  13 wights
  6 electric eels
  5 howler monkeys (D:8)
  4 crimson imps
  2 bullfrog zombies
  A quasit (D:9)
  5 orc priests
  5 hounds
  13 orc wizards
  A centaur skeleton (D:4)
  4 jellies
  3 gnoll shamans (D:8)
  2 bullfrog skeletons
  Crazy Yiuf (D:7)
  6 iguanas
  8 worker ants
  3 killer bee zombies
  2 hound zombies
  2 hound skeletons
  2 worker ant zombies
  Robin (D:2)
  12 gnolls
  A howler monkey skeleton (D:4)
  21 adders
  3 shadow imps
  An adder zombie (D:7)
  2 adder skeletons
  2 worms
  2 dart slugs
  8 leopard geckos
  38 orcs
  7 giant cockroaches
  14 goblins
  14 hobgoblins
  26 jackals
  3 quokkas
  5 bats
  4 frilled lizards
  A giant cockroach zombie (D:5)
  A jackal zombie (D:6)
  26 kobolds
  2 leopard gecko zombies (D:6)
  A quokka zombie (D:8)
  3 rats
  5 fungi
  3 plants
613 creatures vanquished.

Vanquished Creatures (collateral kills)
  Rupert (Lair:4)
  A minotaur (Gauntlet)
  2 death yaks
  An unseen horror (D:11)
  4 deep elf magi (D:11)
  7 elephants
  A black mamba (Lair:1)
  A minotaur zombie (Gauntlet)
  A rime drake (Lair:2)
  3 yaks
  A wyvern (D:11)
  A wraith (D:11)
  A basilisk (Lair:4)
  2 steam dragons
  4 water moccasins
  A sky beast (D:6)
  An orc warrior (D:8)
  An ice beast (D:6)
  A centaur (D:5)
  4 ogres
  A wolf (Lair:6)
  A bullfrog (D:11)
  A wight (D:7)
  A howler monkey (D:5)
  A centaur skeleton (D:4)
  An orc priest (D:8)
  2 orc wizards (D:5)
  A lightning spire (Gauntlet)
  4 gnolls (D:8)
  An adder zombie (D:8)
  A worm (D:5)
  A leopard gecko (D:6)
  An orc (D:11)
  A jackal (D:8)
  A bush (Lair:3)
  2 plants (Lair:6)
60 creatures vanquished.

Vanquished Creatures (others)
  A polar bear (IceCv)
  A slave (D:9)
  A hound (D:9)
  An orc (D:9)
  9 fungi
  8 plants
21 creatures vanquished.

Grand Total: 694 creatures vanquished

Notes
Turn   | Place    | Note
-------+----------+-------------------------------------------
     0 | D:1      | night the Demonspawn Venom Mage began the quest for the
                  | Orb.
     0 | D:1      | Reached XP level 1. HP: 13/13 MP: 3/3
   420 | D:1      | Gained mutation: You are slightly more attuned to the
                  | shadows. [demonic ancestry]
   420 | D:1      | Reached XP level 2. HP: 19/19 MP: 3/5
   526 | D:1      | Learned a level 2 spell: Poisonous Vapours
  1114 | D:1      | Gained mutation: You have sharp toenails. [demonic
                  | ancestry]
  1114 | D:1      | Reached XP level 3. HP: 24/24 MP: 4/7
  1617 | D:2      | Learned a level 3 spell: Mephitic Cloud
  1621 | D:2      | Found an ancient bone altar of Kikubaaqudgha.
  1625 | D:2      | Became a worshipper of Kikubaaqudgha
  2043 | D:2      | Reached XP level 4. HP: 30/30 MP: 5/8
  2262 | D:2      | Noticed Robin
  2391 | D:2      | Killed Robin
  2887 | D:3      | Reached * piety under Kikubaaqudgha
  2887 | D:3      | Identified Kikubaaqudgha's Compendium of Black Rituals
                  | (Kikubaaqudgha gifted it to you on level 3 of the Dungeon)
  2887 | D:3      | Received a gift from Kikubaaqudgha
  2936 | D:3      | Learned a level 4 spell: Olgreb's Toxic Radiance
  3156 | D:3      | Gained mutation: A weak demonic guardian rushes to your
                  | aid. [demonic ancestry]
  3156 | D:3      | Reached XP level 5. HP: 29/35 MP: 6/10
  3754 | D:4      | Reached skill level 5 in Poison Magic
  4295 | D:4      | Gained mutation: You are significantly more attuned to the
                  | shadows. [demonic ancestry]
  4295 | D:4      | Reached XP level 6. HP: 41/41 MP: 1/12
  4389 | D:4      | Reached ** piety under Kikubaaqudgha
  4938 | D:4      | Learned a level 3 spell: Ignite Poison
  5089 | D:5      | Entered Level 5 of the Dungeon
  5128 | D:5      | Reached skill level 1 in Necromancy
  5133 | D:5      | Reached skill level 5 in Spellcasting
  5298 | D:5      | Gained mutation: You are partially covered in yellow
                  | scales. (AC +2) [demonic ancestry]
  5298 | D:5      | Reached XP level 7. HP: 19/46 MP: 14/14
  5508 | D:5      | Found a sand-covered staircase.
  5730 | D:5      | Reached skill level 2 in Necromancy
  5892 | D:5      | Noticed Dowan
  5956 | D:5      | Noticed Duvessa
  5962 | D:5      | Killed Duvessa
  5962 | D:5      | Killed Dowan
  5962 | D:5      | Reached skill level 3 in Necromancy
  6119 | D:5      | Gained mutation: You are mostly covered in yellow scales.
                  | (AC +3) [demonic ancestry]
  6119 | D:5      | Reached XP level 8. HP: 52/52 MP: 2/16
  6836 | D:6      | Reached skill level 4 in Necromancy
  7329 | D:6      | Reached *** piety under Kikubaaqudgha
  7329 | D:6      | Identified Kikubaaqudgha's Handbook of Evil (Kikubaaqudgha
                  | gifted it to you on level 6 of the Dungeon)
  7329 | D:6      | Received a gift from Kikubaaqudgha
  7337 | D:6      | Learned a level 5 spell: Dispel Undead
  7386 | D:6      | Reached skill level 5 in Necromancy
  7849 | D:6      | Noticed Grinder
  7856 | D:6      | Killed Grinder
  7856 | D:6      | Reached XP level 9. HP: 38/57 MP: 19/19
  8200 | D:6      | Reached skill level 6 in Necromancy
  8260 | D:6      | Found a staircase to the Ecumenical Temple.
  8482 | D:7      | Learned a level 4 spell: Animate Dead
  8837 | D:7      | Found a runed translucent door.
  8839 | D:7      | Noticed Crazy Yiuf
  8845 | D:7      | Killed Crazy Yiuf
  8932 | D:7      | Noticed Joseph
  8940 | D:7      | Killed Joseph
  9203 | D:7      | Found a shadowy altar of Dithmenos.
  9498 | D:7      | Reached skill level 7 in Necromancy
 10107 | D:8      | Reached **** piety under Kikubaaqudgha
 10337 | D:8      | Noticed a two-headed ogre
 10355 | D:8      | Killed a two-headed ogre
 10355 | D:8      | Reached skill level 8 in Necromancy
 10355 | D:8      | Reached XP level 10. HP: 37/63 MP: 7/22
 11228 | D:8      | Noticed Maurice
 11233 | D:8      | Killed Maurice
 11233 | D:8      | Reached skill level 10 in Poison Magic
 11536 | D:8      | Found a glowing golden altar of the Shining One.
 11701 | D:8      | Reached skill level 9 in Necromancy
 11882 | D:8      | Noticed a three-headed hydra
 11887 | D:8      | Killed a three-headed hydra
 12419 | D:9      | Noticed a two-headed ogre
 12427 | D:9      | Killed a two-headed ogre
 12427 | D:9      | Reached XP level 11. HP: 60/68 MP: 7/24
 12574 | D:9      | Found Bat Boze's General Store.
 12580 | D:9      | Bought a potion of heal wounds for 85 gold pieces
 12615 | D:9      | Learned a level 5 spell: Borgnjor's Vile Clutch
 12813 | D:9      | Reached skill level 10 in Necromancy
 12892 | D:9      | Reached ***** piety under Kikubaaqudgha
 13307 | D:9      | Noticed Pikel
 13312 | D:9      | Killed Pikel
 13414 | D:9      | Reached skill level 10 in Spellcasting
 13809 | D:9      | Found a staircase to the Lair.
 13954 | D:9      | Noticed Grum
 13959 | D:9      | Killed Grum
 13966 | D:9      | Found a staircase to the Orcish Mines.
 14207 | D:9      | Learned a level 2 spell: Sublimation of Blood
 14359 | D:9      | Noticed Psyche
 14363 | D:9      | Killed Psyche
 14453 | D:10     | Entered Level 10 of the Dungeon
 15136 | D:10     | Found a white marble altar of Elyvilon.
 15156 | D:10     | Noticed Fannar
 15161 | D:10     | Killed Fannar
 15782 | D:10     | Found a portal to a secret trove of treasure.
 15794 | D:10     | Identified a scroll of acquirement
 15794 | D:10     | Identified the Disquisition on Slavery and the Mountains
                  | (You acquired it on level 10 of the Dungeon)
 15868 | Lair:1   | Entered Level 1 of the Lair of Beasts
 16043 | Lair:1   | Reached skill level 11 in Necromancy
 16586 | Lair:1   | Found a runed translucent gate.
 16586 | Lair:1   | Found a runed translucent gate.
 16587 | Lair:1   | Found a runed translucent gate.
 16587 | Lair:1   | Noticed an 11-headed hydra
 16587 | Lair:1   | Noticed floatRand's ghost (journeyman OpFi)
 16591 | Lair:1   | Noticed a ten-headed hydra
 16876 | Lair:1   | Gained mutation: You have razor-sharp toenails. [demonic
                  | ancestry]
 16876 | Lair:1   | Reached XP level 12. HP: 66/74 MP: 19/26
 17072 | Lair:1   | Noticed an eight-headed hydra
 17077 | Lair:1   | Killed an eight-headed hydra
 17940 | Lair:2   | Reached skill level 12 in Necromancy
 18217 | Lair:2   | Noticed an eight-headed hydra
 18219 | Lair:2   | Upgraded the game from 0.25-a0-285-gcba6f664f8 to
                  | 0.25-a0-287-g56a5b49892
 18226 | Lair:2   | Killed an eight-headed hydra
 18690 | Lair:2   | Found a hole to the Spider Nest.
 19315 | Lair:2   | Noticed a six-headed hydra
 19386 | Lair:2   | Killed a six-headed hydra
 19536 | Lair:2   | Noticed a five-headed hydra
 19545 | Lair:2   | Killed a five-headed hydra
 19799 | Lair:2   | Found a staircase to the Swamp.
 20022 | Lair:3   | Found a frozen archway.
 20065 | IceCv    | Entered an ice cave
 20068 | IceCv    | Reached ****** piety under Kikubaaqudgha
 20528 | IceCv    | Reached skill level 13 in Necromancy
 20528 | IceCv    | Gained mutation: You have claws for feet. [demonic
                  | ancestry]
 20528 | IceCv    | Reached XP level 13. HP: 59/79 MP: 29/29
 20883 | IceCv    | Got an iridescent scimitar
 21736 | IceCv    | Received a gift from Kikubaaqudgha
 21746 | IceCv    | Learned a level 7 spell: Haunt
 21843 | IceCv    | Reached skill level 1 in Fighting
 22091 | IceCv    | Noticed a frost giant
 22100 | IceCv    | Killed a frost giant
 22276 | IceCv    | Got a fine mace
 22277 | IceCv    | Identified the +7 mace "Tafaul" {pain, Dex+2} (You found it
                  | in an ice cave)
 22494 | Lair:3   | Reached skill level 1 in Maces & Flails
 22842 | Lair:3   | Noticed Gastronok
 22850 | Lair:3   | Killed Gastronok
 23033 | Lair:3   | Reached skill level 14 in Necromancy
 23532 | Lair:4   | Noticed Rupert
 24120 | Lair:4   | Noticed Nergalle
 24126 | Lair:4   | Killed Nergalle
 24126 | Lair:4   | Reached skill level 1 in Summonings
 24314 | Lair:4   | Gained mutation: A demonic guardian rushes to your aid.
                  | [demonic ancestry]
 24314 | Lair:4   | Reached XP level 14. HP: 96/96 MP: 31/31
 24459 | Lair:4   | Reached skill level 5 in Fighting
 24721 | Lair:4   | Got a twisted long sword
 24722 | Lair:4   | Identified the +8 long sword "Jelly's Doom" {slice, Str+2
                  | SInv Stlth+} (You found it on level 4 of the Lair of
                  | Beasts)
 25186 | Lair:4   | Killed Rupert
 27089 | Lair:6   | Entered Level 6 of the Lair of Beasts
 28391 | Lair:6   | Found a staircase to the Slime Pits.
 28392 | Lair:6   | Found a viscous altar of Jiyva.
 28938 | Lair:6   | Reached skill level 5 in Maces & Flails
 28950 | Lair:6   | Found the ring of Shadows {Umbra +Inv Stlth+}
 28994 | Lair:6   | Reached skill level 1 in Earth Magic
 29571 | D:11     | Found a flagged portal.
 29582 | Bailey   | Entered a bailey
 29920 | D:11     | Found a gate leading to a gauntlet.
 29928 | Gauntlet | Entered a Gauntlet
 29928 | Gauntlet | Found a transporter.
 29928 | Gauntlet | Found a runed translucent door.
 29929 | Gauntlet | Found a runed translucent door.
 29939 | Gauntlet | Found a transporter.
 29948 | Gauntlet | Found a transporter.
 29956 | Gauntlet | Found a transporter.
 29972 | Gauntlet | Found a transporter.
 29983 | Gauntlet | Found a transporter.
 29988 | Gauntlet | Found a transporter.
 29989 | Gauntlet | Found a transporter.
 29998 | Gauntlet | Found a transporter.
 30001 | Gauntlet | Found a transporter.
 30010 | Gauntlet | Found a transporter.
 30033 | Gauntlet | Found a transporter.
 30037 | Gauntlet | Found a runed translucent door.
 30049 | Gauntlet | Found a transporter.
 30481 | Gauntlet | Found a transporter.
 30995 | Gauntlet | Identified the +5 flail "Oguedwirch" {venom, rC- rN++
                  | Str+5}
 30995 | Gauntlet | Identified the ring of Ashenzari's Supremacy {+Fly rN+
                  | Str+2}
 31074 | Gauntlet | Learned a level 3 spell: Regeneration
 31107 | Gauntlet | Got a steaming helmet
 31118 | Gauntlet | Identified the +2 helmet of Zin's Approval {-Tele Str+5
                  | Dex+5} (You found it in a Gauntlet)
 31380 | D:11     | Reached skill level 15 in Necromancy
 31846 | D:11     | Found the +7 sceptre of Torment {pain, torment}
 31855 | D:11     | Gained mutation: You are completely covered in yellow
                  | scales. (AC +4, rCorr) [demonic ancestry]
 31855 | D:11     | Reached XP level 15. HP: 108/108 MP: 32/32
 31880 | D:11     | Mangled by a shadow

Levels and vault maps discovered:
D:1:      dpeg_arrival_court, layout_rooms
D:2:      layout_loops_ring, marbit_many_paths, uniq_robin
D:3:      wander_river, layout_loops_ring
D:4:      layout_rooms
D:5:      layout_basic, first_ration, nicolae_ossuary_entry_false_entrances,
          uniq_duvessa
D:6:      layout_cave_pools, temple_hall, uniq_grinder
D:7:      layout_loops_corners, grunt_dithmenos_smoke, uniq_joseph,
          uniq_crazy_yiuf_cottage
D:8:      kennysheep_seaside_town, layout_loops_ring, lemuel_crystal_altar,
          hangedman_ranch [blue_anna_fruit_fields], uniq_maurice
D:9:      layout_long_grid, erik_lair_island, david_orc_3, serial_shops, shop,
          uniq_psyche, uniq_grum, uniq_pikel
D:10:     layout_loops_ring, enter_trove_6, elyvilon_altar_4, uniq_fannar
D:11:     layout_basic, gauntlet_entry_generic, enter_bailey_2,
          elves_outpost_lemuel
Lair:1:   layout_small_grid, gammafunk_ghost_hydra_chop, serial_bayou_pond_b,
          ldierk_geyser
Lair:2:   layout_chaotic_city, palyth_hydra_swamp_entry,
          nicolae_spider_entry_tight_spaces
Lair:3:   layout_hall_layers, portal_ice_cave_entry_pillars_1, st_stairs_3,
          uniq_gastronok
Lair:4:   layout_regular_city, uniq_rupert, uniq_nergalle
Lair:5:   lemuel_reptile_caves, layout_concentric_octagons,
          serial_bayou_shore_a, serial_bayou_shore_b
Lair:6:   due_jungle_book, layout_hall_layers, slime_altar_1,
          grunt_megastairs_1, infiniplex_staircase_pool_2

Skill      XL: |  1  2  3  4  5  6  7  8  9 10 11 12 13 14 15 |
---------------+----------------------------------------------+-----
Spellcasting   | 3 4 5 7 8 9 10 12 13 | 13.7
Poison Magic   | 4 5 6 8 9 10 11 13 | 13.5
Necromancy     | 1 3 5 8 9 11 13 14 15 | 15.0
Fighting       | 4 7 |  7.1
Maces & Flails | 3 5 |  5.9
Summonings     | 1 3 |  3.8
Earth Magic    | 2 3 |  3.1
Dodging        | |  1.7
Stealth        | |  1.7
Transmutations | |  0.8

Action                   |  1- 3 |  4- 6 |  7- 9 | 10-12 | 13-15 || total
-------------------------+-------+-------+-------+-------+-------++-------
Melee: Dagger            |    50 |   103 |    69 |    74 |       ||   296
       Kick              |     2 |     3 |       |       |    41 ||    46
       Flail             |       |     1 |    64 |    28 |       ||    93
       Staff             |       |       |    36 |    52 |    24 ||   112
       War axe           |       |       |    14 |     2 |       ||    16
       Quarterstaff      |       |       |    15 |       |       ||    15
       Mace              |       |       |       |       |    67 ||    67
       Eveningstar       |       |       |       |       |    13 ||    13
 Fire: Hand crossbow     |       |     4 |       |       |       ||     4
Throw: Stone             |       |       |     1 |       |       ||     1
 Cast: Sting             |    26 |    48 |    92 |   169 |   132 ||   467
       Poisonous Vapours |    16 |    47 |    72 |    73 |    83 ||   291
       Mephitic Cloud    |       |       |    12 |    12 |    10 ||    34
       Ignite Poison     |       |       |     9 |    39 |    41 ||    89
       Dispel Undead     |       |       |    17 |     2 |     8 ||    27
       Olgreb's Toxic Ra |       |       |       |    56 |    48 ||   104
       Animate Dead      |       |       |       |     4 |    14 ||    18
       Borgnjor's Vile C |       |       |       |    68 |   184 ||   252
       Sublimation of Bl |       |       |       |     5 |    35 ||    40
       Regeneration      |       |       |       |       |     4 ||     4
       Haunt             |       |       |       |       |     2 ||     2
Invok: Receive Corpses   |       |       |       |     1 |     4 ||     5
       Receive Necronomi |       |       |       |       |     1 ||     1
Evoke: Wand              |       |       |       |     1 |     2 ||     3
  Use: Potion            |     1 |       |       |       |     1 ||     2
       Scroll            |       |     5 |     2 |    17 |    13 ||    37
 Stab: Sleeping          |       |     1 |     5 |     1 |     2 ||     9
       Distracted        |       |     1 |     1 |       |       ||     2
       Confused          |       |       |     2 |       |       ||     2
  Eat: Chunk             |     4 |    29 |    21 |    49 |    59 ||   162
Armor: Robe              |    21 |    42 |    93 |    99 |    91 ||   346
       Skin              |    16 |       |       |       |       ||    16
Dodge: Dodged            |    49 |    65 |   176 |   193 |   233 ||   716

Table legend:
 A = Non-vault XP
 B = Vault XP
 C = Vault XP percentage of total XP
 D = Non-vault monster count
 E = Vault monster count
 F = Vault count percentage of total count
                 A         B        C        D         E       F
            +---------+---------+-------+---------+---------+-------
      Total |   58874 |   46565 |  44.2 |     426 |     234 |  35.5
            +---------+---------+-------+---------+---------+-------
        D:1 |      51 |       0 |   0.0 |      29 |       0 |   0.0
        D:2 |      42 |      46 |  52.3 |      13 |      11 |  45.8
        D:3 |     118 |       0 |   0.0 |      19 |       0 |   0.0
        D:4 |     301 |       0 |   0.0 |      25 |       0 |   0.0
        D:5 |     811 |     216 |  21.0 |      24 |       2 |   7.7
        D:6 |    1191 |     277 |  18.9 |      35 |       1 |   2.8
        D:7 |     748 |     488 |  39.5 |      18 |       2 |  10.0
        D:8 |    2135 |    3872 |  64.5 |      36 |      34 |  48.6
        D:9 |    2922 |    2492 |  46.0 |      27 |      17 |  38.6
       D:10 |    1142 |     975 |  46.1 |      23 |       1 |   4.2
       D:11 |    3911 |    4297 |  52.4 |      33 |       9 |  21.4
     Lair:1 |    6566 |     892 |  12.0 |      29 |       5 |  14.7
     Lair:2 |    3466 |    4550 |  56.8 |      14 |      14 |  50.0
     Lair:3 |   10240 |    2367 |  18.8 |      23 |       2 |   8.0
     Lair:4 |   11841 |    2564 |  17.8 |      37 |       2 |   5.1
     Lair:5 |    1418 |    2966 |  67.7 |       9 |      28 |  75.7
     Lair:6 |   11971 |    3377 |  22.0 |      32 |       9 |  22.0
     Bailey |       0 |     744 | 100.0 |       0 |      32 | 100.0
      IceCv |       0 |   13357 | 100.0 |       0 |      56 | 100.0
   Gauntlet |       0 |    3085 | 100.0 |       0 |       9 | 100.0
            +---------+---------+-------+---------+---------+-------
